 Dungeon Crawl Stone Soup version 0.30-a0-867-g305f33218d (webtiles) character file.

Game seed: 15905444424193994095

228 Maxmaps the Skirmisher (level 6, 0/50 HPs)
             Began as a Gnoll Hunter on Mar 11, 2023.
             Succumbed to Sigmund's poison
             ... on level 3 of the Dungeon.
             The game lasted 00:03:07 (1973 turns).

Maxmaps the Skirmisher (Gnoll Hunter)               Turns: 1973, Time: 00:03:08

Health: 0/50       AC:  7    Str:  9 (10) XL:     6   Next: 2%
Magic:  8/8        EV:  9    Int:  9 (11) God:
Gold:   140        SH:  0    Dex: 14 (15) Spells: 8/8 levels left

rFire   . . .      SeeInvis .    a - +0 shortbow
rCold   . . .      Faith    .    (shield currently unavailable)
rNeg    . . .      Spirit   .    e - +0 scale mail
rPois   .          Reflect  .    j - +0 helmet
rElec   .          Rampage  .    (no cloak)
rCorr   .                        (no gloves)
Will    .....                    (no boots) Stlth
                                 (no amulet)
HPRegen 0.28/turn                (no ring)
MPRegen 0.11/turn                (no ring)

@: confused, lethally poisoned (0 -> -20)
A: fangs 1, strong nose, distributed training
a: no special abilities


You were on level 3 of the Dungeon.
You visited 1 branch of the dungeon, and saw 3 of its levels.

You collected 160 gold pieces.
You spent 20 gold pieces at shops.

Inventory:

Hand Weapons
 a - a +0 shortbow (weapon)
Armour
 c - a +0 leather armour
 e - a +0 scale mail (worn)
 j - a +0 helmet (worn)
Jewellery
 l - a ring of positive energy
Scrolls
 b - 2 scrolls of immolation
 k - a scroll of magic mapping {unknown}
 m - a scroll of identify
Potions
 d - a potion of heal wounds
 f - a potion of degeneration
 g - a potion of cancellation {unknown}
 h - a potion of curing {unknown}
 i - a potion of mutation {unknown}


   Skills:
 + Level 4.9 Fighting
 + Level 1.8 Short Blades
 + Level 1.8 Long Blades
 + Level 1.8 Axes
 + Level 1.8 Maces & Flails
 + Level 1.8 Polearms
 + Level 1.8 Staves
 + Level 8.7 Ranged Weapons
 + Level 1.8 Throwing
 + Level 1.8 Armour
 + Level 4.9 Dodging
 + Level 3.0 Stealth
 + Level 1.8 Shields
 + Level 1.8 Unarmed Combat
 + Level 1.8 Spellcasting
 + Level 1.4 Conjurations
 + Level 1.4 Hexes
 + Level 1.4 Summonings
 + Level 1.4 Necromancy
 + Level 1.4 Translocations
 + Level 1.4 Transmutations
 + Level 1.4 Fire Magic
 + Level 1.4 Ice Magic
 + Level 1.4 Air Magic
 + Level 1.4 Earth Magic
 + Level 1.4 Poison Magic
 + Level 2.0 Invocations
 + Level 1.8 Evocations


You had 8 spell levels left.
You didn't know any spells.
Your spell library was empty.

Dungeon Overview and Level Annotations

Branches:
Dungeon (3/15)

Altars:

Shops:
D:2 *

Annotations:
D:3 Sigmund


Innate Abilities, Weirdness & Mutations

You have very sharp teeth.
Your uncanny sense of smell can sniff out nearby items.
Your experience applies equally to all skills.


Message History

You shoot an arrow. The arrow barely misses Sigmund.
* * * LOW HITPOINT WARNING * * *
You feel sick.
Sigmund casts a spell.
Sigmund flickers and vanishes!
Deactivating autopickup; reactivate with Ctrl-A.
You feel much better.
You feel sick. Something hits you.
You are more poisoned.
Fire: a) +0 shortbow
Press: ? - help, Q - select action Shift-Dir - straight line You shoot an arrow.
You feel very sick. Something hits you!
* * * LOW HITPOINT WARNING * * *
You are more poisoned.
You feel much better.
You feel very sick.
You hear some strange, mumbled words.
A puff of flame appears from out of thin air!
The puff of flame hits you.
It was a potion of degeneration.
There was something very wrong with that liquid.
You feel weakened.
You feel dopey.
You feel clumsy.
You feel very sick.
You hear some strange, mumbled words.
You are confused.
You bump into the rock wall.
You feel sick. Something hits you.
* * * LOW HITPOINT WARNING * * *
You are lethally poisoned!
* * * LOW HITPOINT WARNING * * *
You feel very sick.
Unknown command.
You bump into the rock wall.
* * * LOW HITPOINT WARNING * * *
You feel very sick.
* * * LOW HITPOINT WARNING * * *
You feel very sick. Something hits you.
* * * LOW HITPOINT WARNING * * *
You are more poisoned.
You die...

#########
........########
........@.......
....####.#######
. #..# ##.#
####.##########
#.............#
#.............+
#.............#
#.............#


There were no monsters in sight!

Vanquished Creatures
  Jessica (D:2)
  Natasha (D:3)
  An iguana (D:2)
  A gnoll (D:2)
  4 adders
  2 worms
  5 dart slugs
  2 orcs
  4 ball pythons
  8 endoplasms
  A giant cockroach (D:1)
  8 goblins
  9 hobgoblins
  11 jackals
  2 quokkas (D:1)
  6 bats
  4 frilled lizards
  4 kobolds
  9 rats
83 creatures vanquished.

Notes
Turn   | Place    | Note
-------+----------+-------------------------------------------
     0 | D:1      | Maxmaps the Gnoll Hunter began the quest for the Orb.
     0 | D:1      | Reached XP level 1. HP: 20/20 MP: 1/1
    85 | D:1      | Reached XP level 2. HP: 26/26 MP: 2/2
   254 | D:1      | Reached XP level 3. HP: 31/31 MP: 3/3
   362 | D:1      | Reached skill level 1 in Invocations
   618 | D:2      | Reached skill level 1 in Short Blades
   618 | D:2      | Reached skill level 1 in Long Blades
   618 | D:2      | Reached skill level 1 in Axes
   618 | D:2      | Reached skill level 1 in Maces & Flails
   618 | D:2      | Reached skill level 1 in Polearms
   618 | D:2      | Reached skill level 1 in Staves
   618 | D:2      | Reached skill level 1 in Throwing
   618 | D:2      | Reached skill level 1 in Armour
   618 | D:2      | Reached skill level 1 in Shields
   618 | D:2      | Reached skill level 1 in Unarmed Combat
   618 | D:2      | Reached skill level 1 in Spellcasting
   618 | D:2      | Reached skill level 1 in Evocations
   628 | D:2      | Reached XP level 4. HP: 33/38 MP: 5/5
   689 | D:2      | Reached skill level 1 in Conjurations
   689 | D:2      | Reached skill level 1 in Hexes
   689 | D:2      | Reached skill level 1 in Summonings
   689 | D:2      | Reached skill level 1 in Necromancy
   689 | D:2      | Reached skill level 1 in Translocations
   689 | D:2      | Reached skill level 1 in Transmutations
   689 | D:2      | Reached skill level 1 in Fire Magic
   689 | D:2      | Reached skill level 1 in Ice Magic
   689 | D:2      | Reached skill level 1 in Air Magic
   689 | D:2      | Reached skill level 1 in Earth Magic
   689 | D:2      | Reached skill level 1 in Poison Magic
   837 | D:2      | Found Dytome's General Store.
   849 | D:2      | Bought a scroll of identify for 20 gold pieces
   881 | D:2      | Noticed Jessica
   894 | D:2      | Killed Jessica
   895 | D:2      | Reached XP level 5. HP: 33/43 MP: 5/7
  1541 | D:3      | Noticed Natasha
  1557 | D:3      | Killed Natasha
  1921 | D:3      | Reached XP level 6. HP: 50/50 MP: 8/8
  1949 | D:3      | Noticed Sigmund
  1963 | D:3      | HP: 2/50 [Sigmund/+2 scythe of venom (7)]
  1973 | D:3      | Succumbed to Sigmund's poison

Illustrated notes

Levels and vault maps discovered:
D:1:      minmay_arrival_four_loops, layout_basic, minmay_cupped
D:2:      layout_loops_ring, serial_shops, nicolae_shop_stone,
          minmay_hexomino_u4, uniq_jessica
D:3:      layout_basic, uniq_sigmund, uniq_natasha, uniq_crazy_yiuf_cottage

Skill      XL: |  1  2  3  4  5 |
---------------+----------------+-----
Invocations    | 1 2 |  2.0
Short Blades   | 1 |  1.8
Long Blades    | 1 |  1.8
Axes           | 1 |  1.8
Maces & Flails | 1 |  1.8
Polearms       | 1 |  1.8
Staves         | 1 |  1.8
Throwing       | 1 |  1.8
Armour         | 1 |  1.8
Shields        | 1 |  1.8
Unarmed Combat | 1 |  1.8
Spellcasting   | 1 |  1.8
Evocations     | 1 |  1.8
Conjurations   | 1 |  1.4
Hexes          | 1 |  1.4
Summonings     | 1 |  1.4
Necromancy     | 1 |  1.4
Translocations | 1 |  1.4
Transmutations | 1 |  1.4
Fire Magic     | 1 |  1.4
Ice Magic      | 1 |  1.4
Air Magic      | 1 |  1.4
Earth Magic    | 1 |  1.4
Poison Magic   | 1 |  1.4
Stealth        | 3 |  3.0
Fighting       | |  4.9
Ranged Weapons | |  8.7
Dodging        | |  4.9

Action                     |  1- 3 |  4- 6 || total
---------------------------+-------+-------++-------
   Fire: Shortbow          |    89 |   185 ||   274
    Use: Scroll            |       |     1 ||     1
         Potion            |       |     3 ||     3
 Armour: Leather armour    |     2 |       ||     2
         Scale mail        |    25 |    71 ||    96
  Dodge: Dodged            |    25 |    98 ||   123

Table legend: (Time is in decaauts)
 A = Elapsed time spent in this place.
 B = Non-inter-level travel time spent in this place.
 C = Inter-level travel time spent in this place.
 D = Time resting spent in this place.
 E = Time spent auto-exploring this place.
 F = Levels seen in this place.
 G = Mean time per level.
                   A        B        C        D        E       F      G
               +--------+--------+--------+--------+--------+-----+--------+
         Total |   2068 |   2037 |     31 |    370 |   1121 |   3 |  689.3 |
       Dungeon |   2068 |   2037 |     31 |    370 |   1121 |   3 |  689.3 |
               +--------+--------+--------+--------+--------+-----+--------+

Top non-repeatable levels by time:
     D:2: 920 daAuts
     D:1: 633 daAuts
     D:3: 514 daAuts
